 Dungeon Crawl Stone Soup version 0.28-a0-1206-g193881aaa2 (webtiles) character file.

Game seed: 16708475265092198571

245 miscthings the Magician (level 5, 0/39 HPs)
             Began as a Demigod Transmuter on Dec 21, 2021.
             Slain by a bullfrog (7 damage)
             ... in a sewer.
             The game lasted 00:06:51 (3130 turns).

miscthings the Magician (Demigod Transmuter)        Turns: 3130, Time: 00:06:52

Health: 0/39       AC:  4    Str: 15    XL:     5   Next: 53%
Magic:  13/14      EV: 11    Int: 15    God:
Gold:   76         SH:  8    Dex: 14    Spells: 8/12 levels left

rFire   . . .      SeeInvis .     - Unarmed
rCold   . . .      Faith    .   b - +0 buckler
rNeg    . . .      Spirit   .   a - +0 robe
rPois   +          Reflect  +   (helmet currently unavailable)
rElec   .          Harm     .   e - +0 cloak
rCorr   .          Rampage  .   o - +0 pair of gloves
Will    .....                   (boots currently unavailable)
Stlth   +.........              d - amulet of reflection
HPRegen 0.13/turn               h - ring of poison resistance
MPRegen 0.14/turn               (no ring)

@: appendages (expiring)
A: horns 2, talons 2, high mp 1, forlorn, divine attributes
a: End Transformation


You were in a sewer.
You had temporarily grown beastly horns and talons.
You visited 1 branch of the dungeon, and saw 3 of its levels.
You also visited: Sewer.

You collected 76 gold pieces.

Inventory:

Armour
 a - a +0 robe (worn)
 b - a +0 buckler (worn)
 e - a +0 cloak (worn)
 g - a +0 pair of boots (melded)
 o - a +0 pair of gloves (worn)
Magical Staves
 n - a staff of air
Jewellery
 d - an amulet of reflection (around neck)
 h - a ring of poison resistance (left hand)
Scrolls
 c - a scroll of fog {unknown}
 f - 2 scrolls of blinking {unknown}
 i - a scroll of teleportation {unknown}
 m - 2 scrolls of identify {unknown}
Potions
 j - a potion of mutation {unknown}
 k - a potion of invisibility {unknown}
 l - a potion of heal wounds


   Skills:
 - Level 0.8 Fighting
 - Level 1.7 Dodging
 - Level 2.6 Unarmed Combat
 - Level 4.0 Spellcasting
 + Level 4.0 Transmutations


You had 8 spell levels left.
You knew the following spells:

 Your Spells              Type           Power      Damage    Failure   Level
a - Beastly Appendage     Tmut           30%        N/A       6%          1
b - Spider Form           Tmut/Pois      9%         N/A       36%         3

Your spell library contained the following spells:

 Spells                   Type           Power      Damage    Failure   Level
 Wereblood                Tmut           15%        N/A       9%          2
 Corpse Rot               Necr/Air       6%         N/A       41%         2
 Poisonous Vapours        Pois/Air       6%         N/A       41%         2
 Ice Form                 Ice/Tmut       9%         N/A       78%         4


Dungeon Overview and Level Annotations

Branches:
Dungeon (3/15)              Sewer (1/1)


Innate Abilities, Weirdness & Mutations

You have temporarily grown beastly horns and talons.
You have an increased reservoir of magic. (+10% MP)
You shall have no god before yourself.
Your divine heritage dramatically boosts your attributes as you level up.


Message History

The bullfrog barely misses you. You block the bullfrog's attack.
The bullfrog barely misses you.
You barely miss the bullfrog. Your kick misses the bullfrog.
You headbutt the bullfrog.
The bullfrog is heavily wounded.
The bullfrog hits you. The bullfrog misses you. The bullfrog hits you.
You closely miss the bullfrog. Your kick misses the bullfrog.
Your headbutt misses the bullfrog.
The bullfrog is heavily wounded.
You block the bullfrog's attack. x2; The bullfrog hits you.
* * * LOW HITPOINT WARNING * * *
You closely miss the bullfrog.
The bullfrog is heavily wounded.
You block the bullfrog's attack. The bullfrog hits you.
* * * LOW HITPOINT WARNING * * *
The bullfrog barely misses you.
You feel much better. You block the bullfrog's attack. The bullfrog misses you.
You block the bullfrog's attack.
You hit the bullfrog. Your kick misses the bullfrog. You headbutt the bullfrog.
You kill the bullfrog!
The bullfrog hits you! You block the bullfrog's attack.
Training target 4.0 for Spellcasting reached!
Your Spellcasting skill increases to level 4!
Your Transmutations skill increases to level 4!
You hit the bullfrog. Your kick misses the bullfrog.
The bullfrog is lightly wounded.
The bullfrog hits you.
You hit the bullfrog. You claw the bullfrog.
The bullfrog is moderately wounded.
You block the bullfrog's attack. The bullfrog hits you.
You hit the bullfrog. Your headbutt misses the bullfrog.
The bullfrog is heavily wounded.
The bullfrog hits you.
* * * LOW HITPOINT WARNING * * *
You barely miss the bullfrog. Your kick misses the bullfrog.
Your headbutt misses the bullfrog.
The bullfrog is heavily wounded.
Your transformation is almost over.
You block the bullfrog's attack. The bullfrog hits you!
You die...

.≈##≈≈.##
≈≈.≈≈..≈≈≈##≈≈≈##≈†≈## ..#≈.≈≈#
≈....$$.≈≈≈#≈≈≈≈#....# ≈≈#≈≈..#
≈≈.≈..!).≈≈#≈≈≈≈#≈≈.∩# ≈≈#≈≈≈≈#
.≈≈≈≈≈?≈≈≈≈#≈≈.≈#≈≈≈.#
..##≈≈≈##
≈≈≈≈≈...≈≈.#.≈≈##.≈≈##
≈≈≈#≈.≈≈##≈≈≈≈≈≈≈..≈≈#≈.≈#≈≈≈≈#
≈≈≈##≈≈≈≈###≈≈≈≈.#≈≈##≈≈##≈≈≈##
≈≈≈≈##≈≈≈≈≈#######†≈#≈≈##≈≈≈.#
#≈≈≈≈###≈.≈≈≈≈.≈@..##≈≈#≈..≈##
##≈†.†≈####≈≈.≈≈≈F.#≈≈≈≈≈≈≈##
##.≈.≈≈≈≈#≈∩≈#######≈≈≈####
#####≈≈.≈#####≈≈≈≈≈#≈.##
#∩≈≈####≈≈≈≈≈≈≈≈≈≈≈####
##≈...†#########≈†.#
###.∩..≈≈≈≈≈.≈≈≈≈.#
#####.†≈≈≈≈≈≈≈.≈# #############


You could see a bullfrog.

Vanquished Creatures
  A bullfrog (Sewer)
  An orc wizard (D:3)
  2 adders
  A worm (D:2)
  A dart slug (D:1)
  8 orcs (D:3)
  20 endoplasms
  13 giant cockroaches
  11 hobgoblins
  3 kobolds
  12 quokkas
  12 ball pythons
  10 bats
  7 frilled lizards (Sewer)
  3 goblins
  5 rats
110 creatures vanquished.

Notes
Turn   | Place    | Note
-------+----------+-------------------------------------------
     0 | D:1      | miscthings the Demigod Transmuter began the quest for the
                  | Orb.
     0 | D:1      | Reached XP level 1. HP: 15/15 MP: 5/5
   195 | D:1      | Reached XP level 2. HP: 12/22 MP: 5/7
  1056 | D:2      | Reached XP level 3. HP: 27/27 MP: 9/9
  1134 | D:2      | Learned a level 3 spell: Spider Form
  1780 | D:3      | Reached XP level 4. HP: 14/34 MP: 11/11
  2159 | D:3      | Found a glowing drain.
  2195 | Sewer    | Entered a sewer
  3010 | Sewer    | Reached XP level 5. HP: 39/39 MP: 13/13
  3130 | Sewer    | Slain by a bullfrog

Illustrated notes

Levels and vault maps discovered:
D:1:      mushboom_english_gardens, layout_basic,
          chequers_ecumenical_altar_lobes, minmay_split_cup_large
D:2:      layout_basic
D:3:      layout_loops_corners, gup_sewer_entry_pipe
Sewer:    sewer_frog_island_02

Skill      XL: |  1  2  3  4  5 |
---------------+----------------+-----
Spellcasting   | 2 3 4 |  4.0
Transmutations | 2 3 4 |  4.0
Fighting       | |  0.8
Dodging        | |  1.7
Unarmed Combat | |  2.6

Action                   |  1- 3 |  4- 6 || total
-------------------------+-------+-------++-------
Melee: Unarmed           |   122 |   219 ||   341
       Headbutt          |    10 |    20 ||    30
       Kick              |    21 |    23 ||    44
 Cast: Beastly Appendage |    19 |    11 ||    30
  Use: Potion            |       |     2 ||     2
 Stab: Sleeping          |       |     2 ||     2
Armor: Robe              |    32 |    37 ||    69
Dodge: Dodged            |    53 |    76 ||   129
Block: Buckler           |    39 |    89 ||   128

Table legend: (Time is in decaauts)
 A = Elapsed time spent in this place.
 B = Non-inter-level travel time spent in this place.
 C = Inter-level travel time spent in this place.
 D = Time resting spent in this place.
 E = Time spent auto-exploring this place.
 F = Levels seen in this place.
 G = Mean time per level.
                   A        B        C        D        E       F      G
               +--------+--------+--------+--------+--------+-----+--------+
         Total |   3224 |   3198 |     26 |    866 |   1304 |   4 |  806.0 |
       Dungeon |   2206 |   2180 |     26 |    333 |   1231 |   3 |  735.3 |
         Sewer |   1018 |   1018 |      0 |    533 |     73 |   1 | 1018.0 |
               +--------+--------+--------+--------+--------+-----+--------+

Top non-repeatable levels by time:
     D:1: 1026 daAuts
   Sewer: 1018 daAuts
     D:2: 721 daAuts
     D:3: 458 daAuts
